AoeStats
← 大王同学

QS Arena

503548548Analyzed
4v4 RM · 1mo ago on Sep 1, 2026· 36m 52s· 8 players
Game mode
Random Map
Map size
Large (8 player)
Population
200
Speed
Normal
Resources
Standard
Victory
Conquest
Starting age
Dark Age
Ending age
Imperial Age
RankedLock teamsTeams togetherTeam positionsShared explorationLock speedFull tech treeHidden civsTurbo modeCheats
Victory
Defeat
🇮🇳 Persians · India
1613
+6
🇭🇰 Saracens · Hong Kong SAR China
1543
+8
🇮🇳 Koreans · India
1480
+10
🇺🇸 Bohemians · United States
1409
+13
🇺🇸 Malay · United States
1565
-18
🇰🇷 Inca · South Korea
1334
-8
🇭🇰 Persians · Hong Kong SAR China
1308
-8
🇺🇸 Romans · United States
1211
-5
Dark_Shelly
3:14 Loom
6:50 Feudal Age
7:54 Double-Bit Axe
9:17 Fletching
12:42 Horse Collar
15:30 Wheelbarrow
19:40 Castle Age
18:06 Gold Mining
21:06 Bow Saw
21:14 Bodkin Arrow
23:58 Stone Mining
27:30 Ballistics
27:52 Hand Cart
30:54 Imperial Age
28:57 Husbandry
31:41 Masonry
32:02 Conscription
32:58 Stone Shaft Mining
31:51 Elite War Wagon
34:57 Chemistry
34:28 Architecture
36:33 Two-Man Saw
35:36 Bracer
R Blong 2 me
6:21 Loom
8:32 Feudal Age
10:06 Double-Bit Axe
14:14 Loom
14:32 Fletching
22:48 Wheelbarrow
26:46 Castle Age
35:59 Bow Saw
LiBi
7:43 Feudal Age
11:23 Castle Age
10:07 Double-Bit Axe
11:00 Horse Collar
12:41 Bow Saw
19:28 Wheelbarrow
22:10 Hand Cart
22:16 Gold Mining
24:30 Loom
27:21 Imperial Age
25:38 Scale Barding Armor
25:44 Forging
26:08 Bloodlines
25:58 Husbandry
26:08 Town Watch
26:48 Padded Archer Armor
27:08 Chain Barding Armor
27:51 Stone Mining
28:36 Gold Shaft Mining
29:11 Chemistry
30:26 Two-Man Saw
31:11 Coinage
31:13 Leather Archer Armor
31:34 Plate Barding Armor
33:45 Ring Archer Armor
35:16 Banking
36:08 Iron Casting
35:24 Fletching
35:47 Masonry
37:57 Blast Furnace
The Sage
7:53 Feudal Age
11:19 Castle Age
9:52 Double-Bit Axe
10:39 Horse Collar
18:42 Wheelbarrow
17:54 Loom
20:57 Bow Saw
26:17 Imperial Age
24:06 Heavy Plow
24:43 Hand Cart
24:14 Town Watch
24:59 Gold Mining
25:27 Scale Barding Armor
26:06 Husbandry
26:00 Cavalier
27:06 Bloodlines
28:48 Chemistry
28:12 Chain Barding Armor
28:04 Forging
28:09 Savar
29:33 Iron Casting
29:52 Plate Barding Armor
31:56 Light Cavalry
33:01 Padded Archer Armor
34:05 Blast Furnace
34:45 Leather Archer Armor
35:40 Hussar
jetty8282-한국인
8:23 Feudal Age
10:10 Double-Bit Axe
12:26 Castle Age
10:22 Loom
13:21 Bow Saw
12:52 Horse Collar
14:46 Heavy Plow
15:34 Champi Runner
16:14 Squires
20:37 Champi Warrior
21:03 Arson
23:07 Gold Mining
24:05 Forging
23:57 Scale Mail Armor
23:51 Pikeman
26:12 Wheelbarrow
26:46 Iron Casting
27:57 Chain Mail Armor
29:13 Gold Shaft Mining
29:22 Hand Cart
32:57 Imperial Age
31:37 Stone Mining
33:26 Fletching
33:37 Padded Archer Armor
34:11 Ballistics
34:29 Bodkin Arrow
35:09 Andean Sling
34:35 Elite Skirmisher
35:21 Thumb Ring
35:51 Bracer
36:21 Conscription
37:17 Crop Rotation
Lobby Link
8:41 Feudal Age
9:54 Double-Bit Axe
12:39 Castle Age
10:38 Horse Collar
13:43 Heavy Plow
16:26 Bow Saw
18:58 Wheelbarrow
22:08 Loom
22:20 Gold Mining
25:41 Imperial Age
23:50 Ballistics
24:18 Gold Shaft Mining
23:34 Stone Mining
24:15 Scale Mail Armor
24:25 Forging
24:42 Fortified Wall
24:03 Pikeman
24:44 Squires
25:10 Hand Cart
25:45 Halberdier
26:08 Heavy Scorpion
28:48 Chain Mail Armor
29:08 Iron Casting
29:57 Conscription
29:52 Ballistas
33:02 Blast Furnace
32:45 Block Printing
35:58 Light Cavalry
optimal_brain_damage
4:37 Loom
6:42 Feudal Age
9:15 Double-Bit Axe
12:21 Town Watch
12:28 Gold Mining
13:49 Fletching
14:07 Horse Collar
20:41 Castle Age
21:42 Wheelbarrow
24:38 Imperial Age
22:33 Bow Saw
23:33 Heavy Plow
24:09 Gold Shaft Mining
26:53 Chemistry
28:39 Pikeman
29:49 Forging
30:34 Onager
35:05 Halberdier
35:47 Squires
37:30 Hand Cart
大王同学
0:50 Loom
6:28 Feudal Age
4:51 Loom
33:13 Feudal Age
35:13 Gold Mining
Connection lost

Rejoining the realm…

Still unreachable

The connection could not be restored.

Session expired

The server has moved on; the page needs a fresh start.